[Event "Titled Tuesday Blitz May 17 Late 2022"]
[White "Yuan, Qingyu"]
[Black "Omariev, Maksim"]
[WhiteFideId "8609772"]
[BlackFideId "4193423"]
[WhiteElo "2359"]
[BlackElo "2506"]
[Result "1-0"]
[Round "05"]
[TimeControl "180+1"]
[Date "2022.05.17"]
[WhiteClock "0:00:06"]
[BlackClock "0:00:02"]

1. e4 c5 2. Nf3 d6 3. Bb5+ Nd7 4. c4 Nf6 5. Nc3 a6 6. Ba4 g6 7. h3 Bg7 8. d3 O-O 9. Be3 b6 10. a3 Bb7 11. O-O e6 12. Bf4 d5 13. Bd6 Re8 14. e5 Nh5 15. cxd5 exd5 16. d4 b5 17. Bc2 cxd4 18. Qxd4 Rc8 19. Bb3 Qb6 20. Qxb6 Nxb6 21. Rad1 Nc4 22. Nxd5 Bxd5 23. Rxd5 Nxb2 24. a4 bxa4 25. Ba2 Nf4 26. Rd2 Nc4 27. Bxc4 Rxc4 28. g3 Ne6 29. Ra1 Rec8 30. Kg2 Re4 31. Rda2 Rcc4 32. Nd2 Red4 33. Nxc4 Rxc4 34. Rxa4 Rxa4 35. Rxa4 Bf8 36. Rxa6 Bg7 37. Ra8+ Nf8 38. f4 h5 39. Kf3 1-0


[Site "https://www.chess.com"]

[Event "Titled Tuesday Blitz May 17 Late 2022"]
[White "Abdyzhapar, Asylbek"]
[Black "Paravyan, David"]
[WhiteFideId "13800337"]
[BlackFideId "4194985"]
[WhiteElo "2331"]
[BlackElo "2569"]
[Result "0-1"]
[Round "06"]
[TimeControl "180+1"]
[Date "2022.05.17"]
[WhiteClock "0:00:03"]
[BlackClock "0:00:05"]

1. e4 e5 2. Nf3 Nf6 3. Nc3 Nc6 4. Bb5 Nd4 5. Bc4 Bc5 6. d3 d6 7. Nxd4 Bxd4 8. O-O c6 9. Be3 Bxc3 10. bxc3 O-O 11. Bg5 h6 12. Bh4 g5 13. Bg3 Kg7 14. Bb3 Qe7 15. Qe2 Be6 16. Rae1 a5 17. d4 a4 18. Bc4 b5 19. Bd3 Bxa2 20. Ra1 Bc4 21. Bxc4 bxc4 22. dxe5 dxe5 23. Qxc4 a3 24. Qxc6 Nh5 25. Ra2 Rfc8 26. Qd5 Nf4 27. Bxf4 gxf4 28. Rfa1 Ra4 29. Qb3 Rca8 30. f3 Qc5+ 31. Kh1 R4a5 32. h3 Rb5 33. Qd5 Qxd5 34. exd5 Rxd5 35. Rxa3 Rxa3 36. Rxa3 Rd2 37. Ra2 f5 38. Ra5 Kf6 39. Ra6+ Kg5 40. Re6 Re2 41. Kg1 e4 42. fxe4 fxe4 43. Kf1 Kf5 44. Rxh6 Rxc2 45. Rh5+ Ke6 46. Rc5 e3 47. h4 Kf6 48. h5 Rf2+ 49. Kg1 Rd2 50. Kf1 Rf2+ 51. Kg1 Rb2 52. Kf1 Rb1+ 53. Ke2 Rg1 54. Rc6+ Kf5 55. Rg6 Rh1 56. g4+ Ke5 57. Rg8 Rh2+ 58. Kd3 Rd2+ 59. Kc4 f3 60. Rf8 f2 61. h6 Rd7 62. Re8+ Kf4 63. Rf8+ Kxg4 64. h7 Rxh7 65. Kd3 Rh1 0-1


[Site "https://www.chess.com"]

[Event "Titled Tuesday Blitz May 17 Late 2022"]
[White "Bortnyk, Olexandr"]
[Black "Hansen, Eric"]
[WhiteFideId "14120828"]
[BlackFideId "2606771"]
[WhiteElo "2723"]
[BlackElo "2568"]
[Result "0-1"]
[Round "06"]
[TimeControl "180+1"]
[Date "2022.05.17"]
[WhiteClock "0:00:02"]
[BlackClock "0:00:12"]

1. e4 c5 2. Be2 d5 3. d3 Nc6 4. f4 dxe4 5. dxe4 Qxd1+ 6. Bxd1 b6 7. Nf3 Bb7 8. c3 Nf6 9. Bc2 e6 10. Na3 Be7 11. e5 Nd5 12. Nc4 O-O-O 13. a4 Ba6 14. Na3 Nc7 15. Be3 h5 16. Kf2 g6 17. Rhd1 Rxd1 18. Rxd1 Rd8 19. Rxd8+ Kxd8 20. b3 Kd7 21. c4 Bb7 22. Nb1 Nb4 23. Bd1 Nca6 24. Nc3 Nb8 25. g3 N8c6 26. Ke2 Na5 27. Nd2 Nac6 28. Nde4 Nd4+ 29. Kd2 Nf5 30. Bf2 Nd4 31. h3 Bc6 32. g4 hxg4 33. hxg4 Bb7 34. g5 Bc6 35. Nf6+ Bxf6 36. gxf6 Nf3+ 37. Bxf3 Bxf3 38. Nb5 Nc6 39. Nd6 Nd8 40. Kc3 a5 41. Be3 Bg2 42. Kb2 Bf3 43. Bd2 Kc6 44. Be1 Bg2 45. Bf2 Bf3 46. Bg1 Bg2 47. Bh2 Bf3 48. Bg3 Bg2 49. Bh4 Bf3 50. Bg5 Bh5 51. Kc3 Kd7 52. Kd2 Bg4 53. Bh6 g5 54. Bxg5 Bh5 55. Bh4 Bg6 56. Kc3 Kc7 57. Bf2 Nb7 58. Nb5+ Kd7 59. Kd2 Be4 60. Nc3 Bf5 61. Ne2 Bg4 62. Ng3 Nd8 63. Ne4 Nc6 64. Kc3 Bf5 65. Ng5 Bg6 66. Nf3 Bh5 67. Nh4 Bg4 68. Be3 Nb4 69. Bd2 Nc6 70. Be3 Nb4 71. Kd2 Nc6 72. Ng2 Bh3 73. Ne1 Bf5 74. Nf3 Bg4 75. Ng5 Bh5 76. Ne4 Nd8 77. Nc3 Kc6 78. Bf2 Kd7 79. Ne4 Nb7 80. Ng3 Bg6 81. Kc3 Nd8 82. Be3 Nc6 83. Ne2 Nb4 84. Ng1 Na2+ 85. Kd2 Nb4 86. Nf3 Bc2 87. Kc3 Bg6 88. Nh4 Be4 89. Bf2 Kc6 90. f5 Kd7 0-1


[Site "https://www.chess.com"]

[Event "Titled Tuesday Blitz May 17 Late 2022"]
[White "De La Colina, Nicolas"]
[Black "Izoria, Zviad"]
[WhiteFideId "30946921"]
[BlackFideId "13601733"]
[WhiteElo "2046"]
[BlackElo "2626"]
[Result "1/2-1/2"]
[Round "06"]
[TimeControl "180+1"]
[Date "2022.05.17"]
[WhiteClock "0:00:32"]
[BlackClock "0:00:43"]

1. e4 c5 2. c3 e6 3. Nf3 d5 4. exd5 exd5 5. d4 Nc6 6. Bb5 Bd6 7. O-O Ne7 8. dxc5 Bxc5 9. Nbd2 O-O 10. Nb3 Bb6 11. Re1 Bg4 12. Be3 Bxe3 13. Rxe3 Nf5 14. Re1 Nh4 15. Be2 Ng6 16. Nfd4 Bxe2 17. Qxe2 Re8 18. Qb5 Nce5 19. Qxb7 a5 20. a4 Nf4 21. g3 Rb8 22. Qa6 Nfd3 23. Re3 Ra8 24. Qb5 1/2-1/2


[Site "https://www.chess.com"]

[Event "Titled Tuesday Blitz May 17 Late 2022"]
[White "Demchenko, Anton"]
[Black "Kavyev, Ruslan"]
[WhiteFideId "4160258"]
[BlackFideId "34110981"]
[WhiteElo "2539"]
[BlackElo "2180"]
[Result "0-1"]
[Round "06"]
[TimeControl "180+1"]
[Date "2022.05.17"]
[WhiteClock "0:00:02"]
[BlackClock "0:00:06"]

1. e4 c5 2. Nf3 d6 3. d4 cxd4 4. Nxd4 Nf6 5. Nc3 a6 6. a4 e5 7. Nf3 Be7 8. Bg5 Be6 9. Bxf6 Bxf6 10. Nd5 Nd7 11. Bc4 Nb6 12. Nxf6+ Qxf6 13. Bxe6 Qxe6 14. O-O O-O 15. Re1 Rac8 16. b3 Rc3 17. Re2 Rfc8 18. Rd2 R8c6 19. Ne1 h6 20. Nd3 a5 21. h3 d5 22. exd5 Nxd5 23. Nxe5 Qxe5 24. Rxd5 Qe4 25. Rd4 Qxc2 26. Rd8+ Kh7 27. Qd5 Qg6 28. Qxa5 Rxh3 29. Qa8 Qf6 30. Rf1 Rxb3 31. Rh8+ Kg6 32. Qe8 Rb4 33. Qg8 Rh4 34. Qh7+ Kg5 35. Rg8 g6 36. Rf8 Rc7 37. Re8 Rc3 38. Qg8 Qf4 39. Rd1 Qh2+ 40. Kf1 Qh1+ 41. Ke2 Qxg2 0-1


[Site "https://www.chess.com"]

[Event "Titled Tuesday Blitz May 17 Late 2022"]
[White "Donchenko, Alexander"]
[Black "Xiong, Jeffery"]
[WhiteFideId "24603295"]
[BlackFideId "2047640"]
[WhiteElo "2572"]
[BlackElo "2727"]
[Result "1-0"]
[Round "06"]
[TimeControl "180+1"]
[Date "2022.05.17"]
[WhiteClock "0:00:44"]
[BlackClock "0:00:05"]

1. c4 e5 2. g3 Be7 3. Bg2 f5 4. d4 d6 5. Nc3 Nf6 6. Bg5 c6 7. Nf3 e4 8. Nd2 O-O 9. e3 Na6 10. Rb1 Nc7 11. b4 Be6 12. O-O Rc8 13. a4 h6 14. Bxf6 Bxf6 15. b5 c5 16. Ne2 d5 17. b6 axb6 18. Rxb6 dxc4 19. dxc5 c3 20. Nb3 Qxd1 21. Rxd1 Bc4 22. Ned4 Rfd8 23. Bf1 Bd5 24. Rc1 Bxb3 25. Rxb3 Bxd4 26. exd4 Rxd4 27. Rcxc3 Rxa4 28. Rxb7 Nd5 29. Rc1 Kh7 30. c6 Rd4 31. c7 e3 32. fxe3 Nxe3 33. Ba6 Nd5 34. Ra7 Rxc7 35. Raxc7 Nxc7 36. Rxc7 Rd1+ 37. Bf1 Kg6 38. Rc6+ Kf7 39. Kf2 Rd2+ 40. Be2 g6 41. Ke3 Rb2 42. Rd6 Kg7 43. Rd2 Rb3+ 44. Rd3 Rb4 45. Rd7+ Kf6 46. Rd6+ Kg7 47. h4 Rb3+ 48. Bd3 Ra3 49. Kf4 Ra4+ 50. Ke3 Ra3 51. Rd4 Ra1 52. Kf4 Re1 53. Rd7+ Kf6 54. Rd6+ Kg7 55. h5 gxh5 56. Bxf5 Rf1+ 57. Ke5 Rf3 58. Rd7+ Kf8 59. Kf6 Ke8 60. Rc7 1-0


[Site "https://www.chess.com"]

[Event "Titled Tuesday Blitz May 17 Late 2022"]
[White "Dubov, Daniil"]
[Black "Pichot, Alan"]
[WhiteFideId "24126055"]
[BlackFideId "110973"]
[WhiteElo "2791"]
[BlackElo "2579"]
[Result "0-1"]
[Round "06"]
[TimeControl "180+1"]
[Date "2022.05.17"]
[WhiteClock "0:00:07"]
[BlackClock "0:00:05"]

1. d4 Nf6 2. Nf3 d5 3. c4 e6 4. g3 Be7 5. Bg2 O-O 6. O-O dxc4 7. Qc2 a6 8. a4 Bd7 9. Qxc4 Bc6 10. Nc3 a5 11. Bg5 Na6 12. Rfd1 Nb4 13. Bxf6 Bxf6 14. e4 Qb8 15. Rac1 Rd8 16. h4 h6 17. Rd2 Be8 18. Rcd1 c6 19. Qe2 Qa7 20. h5 Qb6 21. e5 Be7 22. Nh2 Rd7 23. Be4 Rad8 24. Nf3 Qa6 25. Qe1 Qc4 26. Bb1 f5 27. exf6 Bxf6 28. Qe4 Bxh5 29. g4 Bf7 30. Qh7+ Kf8 31. Ne4 Qb3 32. Nxf6 gxf6 33. Nh4 Ke7 34. Qxh6 Rg8 35. f3 Nd5 36. Bh7 Rg5 37. Be4 Qe3+ 38. Kf1 Rxg4 39. Qxe3 Nxe3+ 40. Ke2 Rxe4 41. fxe4 Nxd1 42. Kxd1 e5 43. Nf5+ Kd8 44. Kc2 Be6 45. Rf2 exd4 46. Kd3 c5 47. Ng3 c4+ 48. Kd2 Ke7 49. Nh5 Kd6 50. Rxf6 Ke5 51. Rg6 Rf7 52. Ke2 c3 53. bxc3 Bc4+ 54. Kd2 Rf2+ 55. Ke1 Re2+ 56. Kd1 dxc3 57. Rg5+ Kd4 58. Ng3 Rd2+ 59. Ke1 Ra2 60. Nf5+ Ke5 61. Rh5 Ra1+ 62. Kf2 Kf4 63. Rh4+ Kg5 64. Rh8 c2 65. Nd4 c1=Q 66. Nf3+ Kf6 67. Kg3 Qe3 68. Rh4 Ra3 69. Rf4+ Ke7 70. Kg4 Be6+ 71. Kg5 Rxa4 72. Ne5 Rxe4 73. Ng6+ Kd6 74. Kh6 Rxf4 75. Kg7 Rf7+ 76. Kg8 Qg5 77. Kh8 Qh6+ 78. Kg8 Qg7# 0-1


[Site "https://www.chess.com"]

[Event "Titled Tuesday Blitz May 17 Late 2022"]
[White "Gabrielian, Artur"]
[Black "Bok, Benjamin"]
[WhiteFideId "4131002"]
[BlackFideId "1017063"]
[WhiteElo "2440"]
[BlackElo "2658"]
[Result "0-1"]
[Round "06"]
[TimeControl "180+1"]
[Date "2022.05.17"]
[WhiteClock "0:00:03"]
[BlackClock "0:00:09"]

1. e4 c5 2. Nf3 d6 3. d4 cxd4 4. Nxd4 Nf6 5. Nc3 a6 6. Bc4 e6 7. Be3 b5 8. Bb3 Bb7 9. f3 Nbd7 10. a3 Nc5 11. Ba2 Rc8 12. Qe2 Be7 13. O-O-O O-O 14. g4 Qa5 15. g5 Nfd7 16. Qe1 Kh8 17. h4 b4 18. axb4 Qxb4 19. h5 Rb8 20. Nb3 Nxb3+ 21. Bxb3 Nc5 22. Bxc5 dxc5 23. g6 c4 24. h6 Bg5+ 25. f4 Bxf4+ 26. Kb1 cxb3 27. hxg7+ Kxg7 28. Rxh7+ Kxg6 29. Rh4 bxc2+ 30. Kxc2 Bg5 31. Rg4 f6 32. Rd7 Bc6 33. Rxg5+ fxg5 34. Rc7 Qxb2+ 35. Kd3 Rfd8+ 36. Ke3 Qb6+ 37. Kf3 Qxc7 0-1


[Site "https://www.chess.com"]

[Event "Titled Tuesday Blitz May 17 Late 2022"]
[White "Guzman, Christopher"]
[Black "Babazada, Khazar"]
[WhiteFideId "6405096"]
[BlackFideId "13413554"]
[WhiteElo "2244"]
[BlackElo "2406"]
[Result "0-1"]
[Round "06"]
[TimeControl "180+1"]
[Date "2022.05.17"]
[WhiteClock "0:00:52"]
[BlackClock "0:00:13"]

1. e4 Nf6 2. e5 Nd5 3. d4 Nb6 4. c4 d6 5. exd6 cxd6 6. Nc3 g6 7. Be3 Bg7 8. Rc1 O-O 9. b3 Bf5 10. h3 d5 11. g4 Be6 12. c5 Nc8 13. Bg2 Nc6 14. Nge2 g5 15. Bxg5 f6 16. Be3 Bf7 17. f4 e6 18. O-O N8e7 19. Qd2 h5 20. f5 exf5 21. gxf5 Qd7 22. h4 Rae8 23. Bh3 Kh7 24. Nf4 Rg8 25. Kh2 a6 26. Ne6 Nd8 27. Nxg7 Rxg7 28. Rg1 Reg8 29. Rxg7+ Rxg7 30. Bf4 Ndc6 31. Rg1 Rxg1 32. Kxg1 Nxf5 33. Ne2 Be6 34. Qd3 Qg7+ 35. Kh2 Qg6 36. Ng3 Nfxd4 37. Qxg6+ Kxg6 38. Bg2 Nf5 39. Nxf5 Kxf5 40. Bd6 Bf7 41. Kg3 d4 42. Bxc6 bxc6 43. Kf3 Bd5+ 44. Kg3 Ke4 45. Be7 f5 46. Bg5 Kd3 47. Kf4 Kc2 48. Kxf5 d3 49. Kg6 Bf3 0-1


[Site "https://www.chess.com"]

[Event "Titled Tuesday Blitz May 17 Late 2022"]
[White "Holt, Conrad"]
[Black "Norowitz, Yaacov"]
[WhiteFideId "2034387"]
[BlackFideId "2024799"]
[WhiteElo "2586"]
[BlackElo "2412"]
[Result "1-0"]
[Round "06"]
[TimeControl "180+1"]
[Date "2022.05.17"]
[WhiteClock "0:00:56"]
[BlackClock "0:00:04"]

1. d4 Nf6 2. c4 e5 3. dxe5 Ne4 4. Nf3 Nc6 5. a3 d6 6. Qc2 d5 7. e3 g6 8. cxd5 Qxd5 9. Bc4 Qa5+ 10. Nbd2 Bf5 11. O-O Nxd2 12. Qxd2 Bg7 13. b4 Qa4 14. Bb2 O-O 15. Nd4 Nxe5 16. Bb5 Qxb5 17. Nxb5 Nc4 18. Qe2 Nxb2 19. Nd4 Bxd4 20. exd4 Nd3 21. g4 Rfe8 22. Qd2 1-0


[Site "https://www.chess.com"]

[Event "Titled Tuesday Blitz May 17 Late 2022"]
[White "Indjic, Aleksandar"]
[Black "Barria Zuniga, Daniel"]
[WhiteFideId "911925"]
[BlackFideId "3400816"]
[WhiteElo "2616"]
[BlackElo "2414"]
[Result "1/2-1/2"]
[Round "06"]
[TimeControl "180+1"]
[Date "2022.05.17"]
[WhiteClock "0:00:19"]
[BlackClock "0:00:06"]

1. d4 d5 2. c4 e6 3. Nc3 Nf6 4. cxd5 exd5 5. Bg5 c6 6. e3 Qb6 7. Qd2 Ne4 8. Nxe4 dxe4 9. Ne2 Bf5 10. Nc3 Nd7 11. a3 Bd6 12. Bc4 O-O 13. Bh4 Rae8 14. Ba2 Qc7 15. h3 h6 16. g4 Be6 17. Rg1 Bxa2 18. Rxa2 Nb6 19. Qc2 g5 20. Bg3 Bxg3 21. Rxg3 Qe7 22. Ra1 f5 23. gxf5 Rxf5 24. h4 Nd5 25. Nxd5 cxd5 26. Rc1 Qf7 27. Rg2 Rf8 28. hxg5 Rxg5 29. Rxg5+ hxg5 30. Qe2 Kg7 31. Rc5 Rh8 32. Qg4 Rh1+ 33. Ke2 Kg6 34. Qg3 Rb1 35. Rc2 Qd7 36. Kd2 Qb5 37. Qd6+ Kh5 38. Qh2+ Kg6 39. Qd6+ Kh5 40. Qh2+ Kg6 41. Qd6+ 1/2-1/2


[Site "https://www.chess.com"]

[Event "Titled Tuesday Blitz May 17 Late 2022"]
[White "Ivanisevic, Ivan"]
[Black "Sjugirov, Sanan"]
[WhiteFideId "912417"]
[BlackFideId "4189302"]
[WhiteElo "2495"]
[BlackElo "2602"]
[Result "0-1"]
[Round "06"]
[TimeControl "180+1"]
[Date "2022.05.17"]
[WhiteClock "0:00:01"]
[BlackClock "0:00:04"]

1. d4 Nf6 2. c4 e6 3. g3 c5 4. d5 exd5 5. cxd5 d6 6. Nc3 g6 7. Bg2 Bg7 8. Nf3 O-O 9. O-O Re8 10. Re1 Na6 11. h3 Nc7 12. e4 Nd7 13. Bf4 Ne5 14. Nxe5 Rxe5 15. a4 Bd7 16. Qd2 Rb8 17. Be3 Re8 18. f4 Na6 19. Nb5 Bxb5 20. axb5 Nb4 21. e5 Qb6 22. e6 Qxb5 23. Bf1 Qb6 24. f5 gxf5 25. Bh6 Bd4+ 26. Kh1 fxe6 27. Qg5+ Kh8 28. dxe6 d5 29. e7 Qf6 30. Bb5 Qxg5 31. Bxg5 Nc2 32. Rac1 Nxe1 33. Rxe1 Kg7 34. Re6 Bxb2 35. Bd7 c4 36. Rd6 c3 37. Bxf5 Ba3 38. Rh6 Bxe7 39. Rxh7+ Kg8 40. Bh6 Bf6 41. Rd7 Rbd8 42. Rxb7 c2 43. Bh7+ Kh8 44. Kg2 Rc8 45. Bg6 c1=Q 46. Bxc1 Rc2+ 47. Bxc2 Re2+ 48. Kf3 Rxc2 49. Bf4 a5 50. Kg4 a4 51. Kf5 Bb2 52. Rb8+ Kh7 53. Rb7+ Kg8 54. Rb8+ Kf7 55. Rb7+ Ke8 56. Bd6 a3 57. Ke6 Re2+ 58. Kxd5 a2 59. Rb8+ Kf7 60. Rb7+ Kg6 0-1


[Site "https://www.chess.com"]

[Event "Titled Tuesday Blitz May 17 Late 2022"]
[White "Kaasen, Tor Fredrik"]
[Black "Steinberg, Nitzan"]
[WhiteFideId "1516647"]
[BlackFideId "2801795"]
[WhiteElo "2335"]
[BlackElo "2471"]
[Result "0-1"]
[Round "06"]
[TimeControl "180+1"]
[Date "2022.05.17"]
[WhiteClock "0:00:03"]
[BlackClock "0:00:07"]

1. d4 d5 2. c4 c6 3. Nf3 Nf6 4. e3 Bf5 5. Nc3 e6 6. Nh4 Be4 7. f3 Bg6 8. Nxg6 hxg6 9. Bd2 Bd6 10. Qb3 Qc7 11. O-O-O Nbd7 12. cxd5 Nxd5 13. e4 Nxc3 14. Bxc3 Bxh2 15. Kb1 O-O-O 16. d5 exd5 17. exd5 Nc5 18. Qc2 Bd6 19. Rxh8 Rxh8 20. Bxg7 Rd8 21. Bd4 Nd7 22. dxc6 bxc6 23. Bxa7 Qxa7 24. Rxd6 Ne5 25. Rxd8+ Kxd8 26. Qd2+ Kc7 27. Qc3 f6 28. f4 Qf2 29. Qa5+ Kd7 30. fxe5 Qxf1+ 31. Kc2 Qxg2+ 32. Kc1 Qg5+ 33. Kd1 fxe5 34. Qa7+ Ke6 35. a4 Qg4+ 36. Kc1 Qc4+ 37. Kb1 g5 38. a5 g4 39. a6 g3 40. Qb7 g2 41. Qc8+ Ke7 42. Qc7+ Kf6 43. Qd8+ Kf5 44. Qf8+ Ke4 45. Qg7 Qf1+ 46. Ka2 g1=Q 0-1


[Site "https://www.chess.com"]

[Event "Titled Tuesday Blitz May 17 Late 2022"]
[White "Kamsky, Gata"]
[Black "Risteski, Emil"]
[WhiteFideId "2000024"]
[BlackFideId "15005267"]
[WhiteElo "2645"]
[BlackElo "2070"]
[Result "1-0"]
[Round "06"]
[TimeControl "180+1"]
[Date "2022.05.17"]
[WhiteClock "0:00:07"]
[BlackClock "0:00:02"]

1. e4 d6 2. Bc4 e6 3. Nc3 Nf6 4. d4 d5 5. Bd3 c5 6. Nf3 cxd4 7. Nxd4 dxe4 8. Nxe4 Be7 9. O-O O-O 10. c3 e5 11. Nf3 Nc6 12. Qc2 h6 13. Nxf6+ Bxf6 14. Bh7+ Kh8 15. Be4 Qc7 16. Be3 Be7 17. Bf5 Bxf5 18. Qxf5 Qc8 19. Qh5 Qe6 20. Rfe1 f5 21. b4 a6 22. a4 e4 23. Nd4 Nxd4 24. Bxd4 Bf6 25. Bxf6 Qxf6 26. Re3 Rac8 27. Rc1 Rc4 28. g3 Rfc8 29. Rd1 Kh7 30. Rd5 f4 31. gxf4 Rxc3 32. Rxe4 Rc1+ 33. Kg2 R1c2 34. Qf5+ Qxf5 35. Rxf5 Rb2 36. Rf7 Rcc2 37. Rxb7 Rxf2+ 38. Kg3 Rg2+ 39. Kf3 Rgf2+ 40. Ke3 Rbd2 41. Ree7 Rfe2+ 42. Kf3 Rf2+ 43. Ke4 Rfe2+ 44. Kf5 Rd5+ 45. Kg4 h5+ 46. Kf3 Rxh2 47. Rxg7+ Kh8 48. Rgc7 1-0


[Site "https://www.chess.com"]

[Event "Titled Tuesday Blitz May 17 Late 2022"]
[White "Keymer, Vincent"]
[Black "Makarian, Rudik"]
[WhiteFideId "12940690"]
[BlackFideId "44105681"]
[WhiteElo "2548"]
[BlackElo "2419"]
[Result "1/2-1/2"]
[Round "06"]
[TimeControl "180+1"]
[Date "2022.05.17"]
[WhiteClock "0:00:06"]
[BlackClock "0:00:04"]

1. Nf3 Nf6 2. c4 g6 3. Nc3 Bg7 4. g3 c5 5. Bg2 Nc6 6. O-O d6 7. d4 cxd4 8. Nxd4 Bd7 9. b3 Qc8 10. Bb2 Bh3 11. Rc1 h5 12. Nd5 h4 13. Nxc6 bxc6 14. Nxf6+ Bxf6 15. Bxf6 exf6 16. Qxd6 Bxg2 17. Kxg2 hxg3 18. hxg3 Qh3+ 19. Kf3 Qf5+ 20. Qf4 Qh5+ 21. Qg4 Ke7 22. Qxh5 Rxh5 23. Rh1 Rf5+ 24. Kg2 a5 25. Rhd1 a4 26. b4 a3 27. Rd3 Ra4 28. Rb3 Kd6 29. f4 Rh5 30. b5 Kc5 31. Kf3 Rh8 32. e3 Rha8 33. g4 Rc8 34. Rcc3 Rxc4 35. Rxc4+ Kxc4 36. b6 Rb8 37. b7 Kd5 38. Rd3+ Ke6 39. Rb3 Kd5 40. f5 c5 41. fxg6 fxg6 42. Kf4 c4 43. Rxa3 Rxb7 44. Ra8 Rb6 45. Rd8+ Kc5 46. Rc8+ Kb4 47. Ke4 c3 48. Kd3 Rd6+ 49. Kc2 Rd2+ 50. Kb1 Rg2 51. Rc6 Rxg4 52. Rxf6 Rg2 53. Rb6+ Kc4 54. e4 g5 55. Rd6 g4 56. e5 g3 57. e6 Re2 58. e7 g2 59. Rg6 Kd3 60. Rd6+ Kc4 61. Rc6+ Kd5 62. Rg6 Rxe7 63. Rg5+ Kc4 64. Rxg2 Kd3 65. Rg3+ Kc4 66. Rg4+ Kd3 67. Rg3+ Kc4 68. Rg4+ Kd3 69. Rg3+ 1/2-1/2


[Site "https://www.chess.com"]

[Event "Titled Tuesday Blitz May 17 Late 2022"]
[White "Martinez Alcantara, Jose Eduardo"]
[Black "Salem, A.R. Saleh"]
[WhiteFideId "3805662"]
[BlackFideId "9301348"]
[WhiteElo "2690"]
[BlackElo "2679"]
[Result "1-0"]
[Round "06"]
[TimeControl "180+1"]
[Date "2022.05.17"]
[WhiteClock "0:00:10"]
[BlackClock "0:00:03"]

1. e4 c5 2. Nf3 d6 3. c3 Nf6 4. h3 Nc6 5. Bd3 g6 6. Bc2 Bg7 7. d4 cxd4 8. cxd4 O-O 9. Nc3 e5 10. d5 Nb4 11. Bb1 Nh5 12. O-O Bd7 13. Be3 Nf4 14. Re1 a5 15. a3 Na6 16. Bd3 Nc5 17. Bxc5 dxc5 18. Bf1 a4 19. b3 axb3 20. Qxb3 b6 21. Rab1 Qf6 22. Re3 Rfb8 23. Bb5 Qd6 24. a4 Bh6 25. Bxd7 Qxd7 26. Nxe5 Qd6 27. Nc6 Re8 28. e5 Qd7 29. Rbe1 Qf5 30. Ne4 Bg7 31. Nd6 Qd7 32. Nxe8 Rxe8 33. Rd1 Qf5 34. Rf3 Qg5 35. g3 Nxh3+ 36. Kg2 Qg4 37. Rh1 Ng5 38. Rf4 Qe2 39. Qc4 h5 40. Qxe2 1-0


[Site "https://www.chess.com"]

[Event "Titled Tuesday Blitz May 17 Late 2022"]
[White "Martinez Reyes, Pedro Ramon"]
[Black "Kozak, Adam"]
[WhiteFideId "3901807"]
[BlackFideId "753246"]
[WhiteElo "2410"]
[BlackElo "2459"]
[Result "0-1"]
[Round "06"]
[TimeControl "180+1"]
[Date "2022.05.17"]
[WhiteClock "0:00:07"]
[BlackClock "0:00:07"]

1. Nf3 b6 2. b3 Bb7 3. g3 Bxf3 4. exf3 c5 5. Bg2 Nc6 6. O-O Rc8 7. Bb2 Nf6 8. f4 e6 9. f5 Be7 10. fxe6 fxe6 11. Na3 O-O 12. Qe2 Nd4 13. Qd3 d5 14. Nb5 Nxb5 15. Qxb5 Qd7 16. Qxd7 Nxd7 17. Bh3 Rc6 18. Rae1 Kf7 19. f4 Bf6 20. f5 e5 21. Bg2 Rd6 22. d3 b5 23. c4 bxc4 24. bxc4 dxc4 25. dxc4 Rb8 26. Ba1 Rd2 27. Rd1 Rxd1 28. Rxd1 Ke7 29. Bd5 Nb6 30. Be6 e4 31. Kf2 Bxa1 32. Rxa1 Kf6 33. Ke3 Ke5 34. Rd1 g6 35. g4 h5 36. h3 hxg4 37. hxg4 Rh8 38. Kf2 gxf5 39. Bxf5 Nxc4 40. Rc1 Nd6 41. Rxc5+ Kf4 42. Rd5 Nf7 43. Rd4 Ng5 44. Ra4 Rh2+ 45. Kg1 Rb2 46. Bxe4 Nxe4 47. g5 Kf3 48. g6 Rb7 49. Ra6 Rg7 50. Kh2 Kf4 51. Kh3 Kf5 52. Kh4 Nf6 53. Ra5+ Kxg6 54. Ra6 Kf5 55. a4 Ne4 56. Ra5+ Kf4 57. Kh3 Rh7+ 58. Kg2 Rg7+ 59. Kh3 Rc7 60. Rb5 Ke3 61. Rb3+ Kd4 62. a5 Rc3+ 63. Rxc3 Kxc3 64. Kg4 Kb4 65. Kf4 Nc5 66. Ke3 Kxa5 67. Kd2 Kb4 68. Kc1 Ka3 69. Kb1 Nb3 70. Kc2 a5 71. Kb1 a4 72. Kc2 Ka2 0-1


[Site "https://www.chess.com"]

[Event "Titled Tuesday Blitz May 17 Late 2022"]
[White "Matinian, Nikita"]
[Black "Vlachos, Anatole"]
[WhiteFideId "24129100"]
[BlackFideId "26093189"]
[WhiteElo "2422"]
[BlackElo "2361"]
[Result "1-0"]
[Round "06"]
[TimeControl "180+1"]
[Date "2022.05.17"]
[WhiteClock "0:01:26"]
[BlackClock "0:01:03"]

1. e4 c5 2. Nf3 Nc6 3. Bb5 Nf6 4. Bxc6 dxc6 5. d3 Qc7 6. h3 e5 7. a4 h6 8. Nbd2 Be6 9. b3 a5 10. Bb2 Nd7 11. Nc4 f6 12. Nh4 Bf7 13. O-O b6 14. Nf5 g6 15. Nfe3 O-O-O 16. Qe1 h5 17. Bc3 Be6 18. f3 f5 19. f4 Bg7 20. exf5 gxf5 21. fxe5 Nxe5 22. Nxf5 Bxf5 23. Bxe5 Bxe5 24. Qxe5 Bd7 25. Rf7 Rhg8 26. Qxc7+ Kxc7 27. Re1 Kb8 28. Ree7 Bc8 29. Nxb6 Rde8 30. Nxc8 Kxc8 31. Rxe8+ Rxe8 32. Rf5 Re2 33. Rxc5 Kd7 34. Rxh5 Rxc2 35. Rxa5 Rc3 36. b4 Rxd3 37. b5 c5 38. b6 c4 39. Rc5 Rb3 40. Rxc4 Rxb6 1-0


[Site "https://www.chess.com"]

[Event "Titled Tuesday Blitz May 17 Late 2022"]
[White "Moroni, Luca Jr"]
[Black "Halkias, Stelios"]
[WhiteFideId "865834"]
[BlackFideId "4201809"]
[WhiteElo "2573"]
[BlackElo "2453"]
[Result "1/2-1/2"]
[Round "06"]
[TimeControl "180+1"]
[Date "2022.05.17"]
[WhiteClock "0:00:07"]
[BlackClock "0:00:08"]

1. d4 Nf6 2. c4 g6 3. Nc3 Bg7 4. e4 d6 5. Bd3 O-O 6. Nge2 Nc6 7. O-O e5 8. d5 Ne7 9. f3 Nh5 10. g4 Nf4 11. Nxf4 exf4 12. Bxf4 f5 13. exf5 gxf5 14. g5 Ng6 15. Bd2 f4 16. Kh1 Qxg5 17. Rg1 Qe5 18. Bxg6 hxg6 19. Rxg6 Bf5 20. Rg5 Qf6 21. Qg1 Kf7 22. Ne4 Bxe4 23. fxe4 Qh6 24. Bxf4 Qh7 25. Rf1 Qxe4+ 26. Qg2 Qxg2+ 27. Kxg2 Bf6 28. Rf5 Kg6 29. Bg5 Bg7 30. Rxf8 Bxf8 31. Rxf8 Rxf8 32. Be3 Re8 33. Kf3 Kf5 34. h4 b6 35. h5 Rg8 36. h6 Rh8 37. b4 Rh7 38. a4 a6 39. Bf4 Rf7 40. Be3 Kg6+ 41. Ke4 Re7+ 42. Kd3 Kf5 43. c5 bxc5 44. bxc5 Ke5 45. Kc4 Ke4 46. Bc1 Rf7 47. cxd6 cxd6 48. Ba3 Rc7+ 49. Kb3 Kxd5 50. Bb2 Rb7+ 51. Kc2 Rc7+ 52. Kd3 Rb7 53. Bg7 Rb3+ 54. Bc3 Rb7 55. Bg7 Rb3+ 56. Bc3 Rb7 57. Bg7 1/2-1/2


[Site "https://www.chess.com"]

[Event "Titled Tuesday Blitz May 17 Late 2022"]
[White "Oparin, Grigoriy"]
[Black "Ekdyshman, Mikhail"]
[WhiteFideId "24125890"]
[BlackFideId "4149416"]
[WhiteElo "2665"]
[BlackElo "2146"]
[Result "1-0"]
[Round "06"]
[TimeControl "180+1"]
[Date "2022.05.17"]
[WhiteClock "0:01:42"]
[BlackClock "0:00:25"]

1. b3 c5 2. Bb2 Nc6 3. e3 a6 4. f4 d5 5. Nf3 Nf6 6. Be2 Bg4 7. O-O e6 8. d3 Bd6 9. Nbd2 Qc7 10. Qe1 e5 11. fxe5 Nxe5 12. Nxe5 Bxe5 13. Bxe5 Qxe5 14. Rxf6 Bxe2 15. Rf2 Bg4 16. d4 Qe7 17. h3 Be6 18. dxc5 Qxc5 19. Nf3 O-O 20. Nd4 Rac8 21. Qd2 Qc3 22. Raf1 Qxd2 23. Rxd2 Rc3 24. Rd3 Rxd3 25. cxd3 Rc8 26. Kf2 Kf8 27. Ke2 Ke7 28. Kd2 Kd6 29. b4 Ke5 30. a3 f6 31. Nb3 b6 32. Nd4 Bd7 33. h4 Bg4 34. Rg1 h5 35. g3 Rc7 36. Rb1 Bd7 37. Ra1 Ba4 38. Rf1 Bd7 39. Ne2 Ba4 40. Nd4 Bd7 41. Rg1 Bg4 42. Ra1 Bd7 43. a4 Rc8 44. a5 Rb8 45. axb6 Rxb6 46. Kc3 g5 47. Rh1 Rb8 48. hxg5 Rc8+ 49. Kd2 Bg4 50. gxf6 Kxf6 51. Ra1 Ke5 52. Rxa6 Rf8 53. b5 Rf2+ 54. Kc3 Rg2 55. b6 1-0


[Site "https://www.chess.com"]